Remparts vs River Frogs
Created - December 30, 2020 at 20:58
Goals
|
Remparts |
0 |
1 |
1 |
0 |
0 |
2 |
River Frogs |
1 |
0 |
1 |
0 |
1 |
3 |
|
Shots
|
Remparts |
11 |
9 |
10 |
0 |
3 |
30 |
River Frogs |
15 |
16 |
12 |
0 |
3 |
43 |
|
1st period
1. River Frogs , Maxim Mamin 2 (Austin Watson 3, Nikita Zadorov 15) at 2:59
Penalties :
Roberts Lipsbergs (Que) for Roughing (Double Minor) at 5:44
2nd period
2. Remparts , Michael Latta 17 (Michal Jordan 17, Jake Virtanen 9) at 0:28
Penalties :
Tobias Rieder (Que) for Tripping (Minor) at 0:50, Andrew Gordon (Lou) for Goalie Interference (Minor) at 3:46, Ryan Fitzgerald (Lou) for Hooking (Minor) at 10:40, Michal Jordan (Que) for Goalie Interference (Minor) at 14:04, Michal Jordan (Que) for Tripping (Minor) at 17:31
3rd period
3. Remparts , William Colbert 5 (Jake Virtanen 10, Michael Latta 17) at 6:32 (PP)
4. River Frogs , Ondrej Kase 3 (Justin Florek 9, Shea Theodore 20) at 16:46
Penalties :
Austin Watson (Lou) for Hooking (Minor) at 5:17, Emerson Etem (Lou) for Tripping (Minor) at 13:59
Overtime #1
No Goal
Penalties :
No Penalty
Shootout
Remparts, Aleksander Barkov - Stopped by Eric Comrie
River Frogs, Emerson Etem - Stopped by Garret Sparks
Remparts, Jake Virtanen - Stopped by Eric Comrie
River Frogs, Christian Hanson - Stopped by Garret Sparks
Remparts, Pontus Aberg - Stopped by Eric Comrie
River Frogs, Matt Calvert - Goal!
Penalties :
No Penalty
Goalie Stats
Garret Sparks (Que), 41 saves from 43 shots - (0.953), OTL, 3-6-1, 65:00 minutes
Eric Comrie (Lou), 28 saves from 30 shots - (0.933), W, 3-4-3, 65:00 minutes
Players Stats for Remparts
Player Name G A P +/- PIM S H SB GA TA FO MP PP MP PK MP
------------------------------------------------------------------------------------
Aaron Ekblad 0 0 0 0 0 4 1 3 0 0 0/0 30:17 3:58 5:36
Aleksander Barkov 0 0 0 0 0 4 1 1 0 0 13/33 20:06 3:58 0:00
Cedric Paquette 0 0 0 -1 0 2 1 1 2 0 4/6 10:12 0:00 2:12
Griffin Reinhart 0 0 0 -1 0 2 0 4 0 2 0/0 20:23 3:14 0:32
Jake Virtanen 0 2 2 1 0 2 3 0 1 0 1/1 16:11 3:14 0:00
Jerry D'Amigo 0 0 0 -1 0 2 1 0 0 0 0/0 9:40 0:00 0:00
John Draeger 0 0 0 -1 0 0 0 0 0 0 0/0 15:02 0:00 3:48
Kirill Kaprizov 0 0 0 -1 0 0 0 3 1 0 0/0 13:48 0:00 2:27
Matt Puempel 0 0 0 1 0 0 1 0 0 0 0/1 14:37 3:14 0:00
Michael Latta 1 1 2 1 0 5 3 0 0 1 8/17 20:44 3:14 4:43
Michael McCarron 0 0 0 -1 0 0 0 0 0 0 0/0 7:32 0:00 0:00
Michal Jordan 0 1 1 1 4 1 4 2 0 0 0/0 24:21 3:58 0:32
Niklas Hansson 0 0 0 -1 0 1 0 2 0 0 0/0 16:22 0:00 5:36
Pontus Aberg 0 0 0 0 0 1 2 0 1 0 1/1 23:11 3:58 3:01
Quinton Howden 0 0 0 -1 0 0 1 0 0 1 2/10 12:24 0:00 3:01
Roberts Lipsbergs 0 0 0 -1 4 0 0 0 0 0 0/0 8:13 0:00 0:39
Tobias Rieder 0 0 0 0 2 4 3 1 1 1 0/1 23:12 3:58 3:49
William Colbert 1 0 1 0 0 2 0 0 2 0 0/0 23:45 3:14 3:48
Players Stats for River Frogs
Player Name G A P +/- PIM S H SB GA TA FO MP PP MP PK MP
------------------------------------------------------------------------------------
Aaron Ness 0 0 0 0 0 2 1 0 0 0 0/0 10:56 0:00 0:00
Andrew Gordon 0 0 0 0 2 2 0 0 0 1 0/0 17:39 4:45 0:46
Austin Watson 0 1 1 1 2 2 2 1 0 0 0/1 8:56 0:00 1:52
Bobby Farnham 0 0 0 1 0 1 1 0 0 0 0/0 9:03 0:59 0:00
Christian Hanson 0 0 0 -1 0 3 0 1 0 1 17/26 24:10 4:45 3:42
David Kolomatis 0 0 0 0 0 0 0 0 0 0 0/0 10:12 0:00 0:00
Emerson Etem 0 0 0 -1 2 6 3 1 1 1 4/6 23:12 4:45 2:39
Jared Knight 0 0 0 0 0 1 1 0 0 0 6/13 16:03 4:12 1:09
Justin Florek 0 1 1 1 0 3 1 1 3 0 0/1 14:35 0:59 0:31
Matt Calvert 0 0 0 0 0 6 2 1 1 1 1/2 17:56 4:12 1:21
Maxim Mamin 1 0 1 1 0 2 1 0 0 0 4/6 6:25 0:00 0:00
Mitch Marner 0 0 0 -1 0 2 4 0 0 0 2/2 17:42 0:59 2:04
Morgan Rielly 0 0 0 1 0 0 1 1 0 0 0/0 24:10 4:20 2:33
Nikita Zadorov 0 1 1 0 0 6 3 0 0 2 0/0 30:04 5:36 4:39
Ondrej Kase 1 0 1 1 0 4 1 0 0 1 1/1 15:28 4:12 0:00
Ryan Fitzgerald 0 0 0 1 2 1 1 0 0 0 6/12 11:35 0:00 0:20
Shea Theodore 0 1 1 1 0 0 0 0 0 1 0/0 24:34 4:20 2:33
Timothy Kunes 0 0 0 0 0 2 1 0 0 0 0/0 30:04 5:36 4:39
3 Stars
1 - Garret Sparks (Que)
2 - Michael Latta (Que)
3 - Jake Virtanen (Que)
Power Play
Remparts - 1 on 4 Attempt(s) - 25.00%
River Frogs - 0 on 5 Attempt(s) - 0.00%
Penalty Kill
Remparts - 5 on 5 Attempt(s) - 100.00%
- Score 0 goal in Penalty Kill
River Frogs - 3 on 4 Attempt(s) - 75.00%
- Score 0 goal in Penalty Kill
Team Stat
Remparts - Hits : 21 - Faceoff Wins : 29 - Blocked Shots : 17 - Penalty Minutes : 10
River Frogs - Hits : 23 - Faceoff Wins : 41 - Blocked Shots : 6 - Penalty Minutes : 8
Official
Referees : Unknown
Linesman : Unknown
Game Notes
No Game Note
Finance
Level 1 -- Attendance: 1247 (62.35%) -- Ticket Income $49,880
Level 2 -- Attendance: 655 (65.50%) -- Ticket Income $13,100
Total Attendance: 1902 (63.40%)
Total Ticket Income: $62,980
Other Income: $3,149
Total Income: $66,129
Remparts
5 vs 5 Forward
Center Left Wing Right Wing Time % Phy DF OF
1 Aleksander Barkov Pontus Aberg Tobias Rieder 40 0 2 3
2 Michael Latta Matt Puempel Jake Virtanen 30 0 2 3
3 Quinton Howden Kirill Kaprizov Jerry D'Amigo 20 0 3 2
4 Cedric Paquette Roberts Lipsbergs Michael McCarron 10 1 2 2
5 vs 5 Defense
Defense Defense Time % Phy DF OF
1 Aaron Ekblad Michal Jordan 40 0 2 3
2 William Colbert Griffin Reinhart 30 0 2 3
3 Niklas Hansson John Draeger 20 1 2 2
4 Aaron Ekblad Griffin Reinhart 10 0 2 3
PowerPlay Forward
Center Left Wing Right Wing Time % Phy DF OF
1 Aleksander Barkov Pontus Aberg Tobias Rieder 60 0 1 4
2 Michael Latta Matt Puempel Jake Virtanen 40 0 1 4
PowerPlay Defense
Defense Defense Time % Phy DF OF
1 Aaron Ekblad Michal Jordan 60 0 2 3
2 Griffin Reinhart William Colbert 40 0 2 3
Penalty Kill 4 Players Forward
Center Wing Time % Phy DF OF
1 Michael Latta Tobias Rieder 60 1 3 1
2 Quinton Howden Pontus Aberg 40 1 3 1
Penalty Kill 4 Players Defense
Defense Defense Time % Phy DF OF
1 Aaron Ekblad Niklas Hansson 60 1 4 0
2 William Colbert John Draeger 40 1 4 0
Penalty Kill - 3 Players Forward
Forward Time % Phy DF OF
1 Michael Latta 60 1 3 1
2 Tobias Rieder 40 1 3 1
Penalty Kill - 3 Players Defense
Defense Defense Time % Phy DF OF
1 Niklas Hansson Aaron Ekblad 60 1 4 0
2 John Draeger William Colbert 40 1 4 0
4 vs 4 Forward
Center Wing Time % Phy DF OF
1 Aleksander Barkov Pontus Aberg 60 0 2 3
2 Michael Latta Tobias Rieder 40 0 2 3
4 vs 4 Defense
Defense Defense Time % Phy DF OF
1 Aaron Ekblad Michal Jordan 60 0 2 3
2 William Colbert Griffin Reinhart 40 0 2 3
Last Minutes Offensive
Center Left Wing Right Wing Defense Defense
Aleksander Barkov Pontus Aberg Tobias Rieder Aaron Ekblad Michal Jordan
Last Minutes Defensive
Center Left Wing Right Wing Defense Defense
Aleksander Barkov Pontus Aberg Tobias Rieder Aaron Ekblad Niklas Hansson
Goaltenders
Starting : Garret Sparks
Backup : Igor Bobkov
Extra Forwards
Normal : Jake Virtanen, Aleksander Barkov, Pontus Aberg - PP : Jake Virtanen, Aleksander Barkov - PK : Michael Latta
Extra Defensemen
Normal : Griffin Reinhart, Aaron Ekblad, Michal Jordan - PP : Niklas Hansson - PK : John Draeger, Aaron Ekblad
Penalty Shots
Aleksander Barkov, Jake Virtanen, Pontus Aberg, Quinton Howden, Tobias Rieder
Scratches
Viktor Baldayev (Healthy), Juuso Ikonen (Healthy), Michael Downing (Healthy), Keaton Thompson (Healthy), Kyle Platzer (Healthy)
Connor Honey (Healthy), Caleb Jones (Healthy), Lukas Vejdemo (Healthy), Kyle Capobianco (Healthy), Dmytro Timashov (Healthy)
Anton Zlobin (Healthy), Mitchell Heard (Healthy), Nelson Nogier (Healthy), Marek Langhamer (Healthy)
River Frogs
5 vs 5 Forward
Center Left Wing Right Wing Time % Phy DF OF
1 Christian Hanson Emerson Etem Mitch Marner 40 1 2 2
2 Jared Knight Matt Calvert Andrew Gordon 30 1 2 2
3 Ryan Fitzgerald Justin Florek Ondrej Kase 20 1 2 2
4 Maxim Mamin Austin Watson Bobby Farnham 10 1 2 2
5 vs 5 Defense
Defense Defense Time % Phy DF OF
1 Nikita Zadorov Timothy Kunes 40 1 2 2
2 Shea Theodore Morgan Rielly 30 1 2 2
3 Aaron Ness David Kolomatis 20 1 2 2
4 Nikita Zadorov Timothy Kunes 10 1 2 2
PowerPlay Forward
Center Left Wing Right Wing Time % Phy DF OF
1 Christian Hanson Emerson Etem Andrew Gordon 60 1 2 2
2 Jared Knight Matt Calvert Ondrej Kase 40 1 2 2
PowerPlay Defense
Defense Defense Time % Phy DF OF
1 Nikita Zadorov Timothy Kunes 60 1 2 2
2 Shea Theodore Morgan Rielly 40 1 2 2
Penalty Kill 4 Players Forward
Center Wing Time % Phy DF OF
1 Emerson Etem Christian Hanson 60 1 2 2
2 Matt Calvert Andrew Gordon 40 1 2 2
Penalty Kill 4 Players Defense
Defense Defense Time % Phy DF OF
1 Nikita Zadorov Timothy Kunes 60 1 2 2
2 Shea Theodore Morgan Rielly 40 1 2 2
Penalty Kill - 3 Players Forward
Forward Time % Phy DF OF
1 Emerson Etem 60 1 2 2
2 Christian Hanson 40 1 2 2
Penalty Kill - 3 Players Defense
Defense Defense Time % Phy DF OF
1 Nikita Zadorov Timothy Kunes 60 1 2 2
2 Shea Theodore Morgan Rielly 40 1 2 2
4 vs 4 Forward
Center Wing Time % Phy DF OF
1 Emerson Etem Christian Hanson 60 1 2 2
2 Matt Calvert Andrew Gordon 40 1 2 2
4 vs 4 Defense
Defense Defense Time % Phy DF OF
1 Nikita Zadorov Timothy Kunes 60 1 2 2
2 Shea Theodore Morgan Rielly 40 1 2 2
Last Minutes Offensive
Center Left Wing Right Wing Defense Defense
Christian Hanson Emerson Etem Andrew Gordon Nikita Zadorov Timothy Kunes
Last Minutes Defensive
Center Left Wing Right Wing Defense Defense
Christian Hanson Emerson Etem Andrew Gordon Nikita Zadorov Timothy Kunes
Goaltenders
Starting : Eric Comrie
Backup : Thomas Greiss
Extra Forwards
Normal : Justin Florek, Bobby Farnham, Mitch Marner - PP : Justin Florek, Bobby Farnham - PK : Mitch Marner
Extra Defensemen
Normal : Aaron Ness, David Kolomatis, Shea Theodore - PP : Aaron Ness - PK : David Kolomatis, Shea Theodore
Penalty Shots
Emerson Etem, Christian Hanson, Matt Calvert, Andrew Gordon, Justin Florek
Scratches
Dominik Simon (Healthy), Joakim Nordstrom (Healthy), Matt Grzelcyk (Healthy), Cameron Hughes (Healthy), Dillon Heatherington (Healthy)
Francis Perron (Healthy), Beau Starrett (Healthy), Richard Nejezchleb (Healthy), Phoenix Copley (Healthy)
% Time on Ice - Remparts
Lines # - Real PCT - Wanted PCT - Time Play
Normal Forward
1 - 34% - 40% - 14:34
2 - 27% - 30% - 11:27
3 - 22% - 20% - 9:19
4 - 18% - 10% - 7:32
Normal Defense
1 - 41% - 40% - 17:36
2 - 34% - 30% - 14:41
3 - 23% - 20% - 9:53
4 - 2% - 10% - 0:42
PP Forward
1 - 55% - 60% - 3:58
2 - 45% - 40% - 3:14
PP Defense
1 - 55% - 60% - 3:58
2 - 45% - 40% - 3:14
PK Forward
1 - 70% - 60% - 6:55
2 - 30% - 40% - 3:01
PK Defense
1 - 62% - 60% - 6:08
2 - 38% - 40% - 3:48
PK3 Forward
1 - 0% - 60%
2 - 0% - 40%
PK3 Defense
1 - 0% - 60%
2 - 0% - 40%
44 Forward
1 - 73% - 60% - 3:39
2 - 27% - 40% - 1:21
44 Defense
1 - 59% - 60% - 2:58
2 - 41% - 40% - 2:02
Last Minute Offensive - 0:00
Last Minute Defensive - 0:00
Total
Forward - 65:00
Defense - 65:00
|
% Time on Ice - River Frogs
Lines # - Real PCT - Wanted PCT - Time Play
Normal Forward
1 - 32% - 40% - 13:43
2 - 27% - 30% - 11:37
3 - 26% - 20% - 11:07
4 - 15% - 10% - 6:25
Normal Defense
1 - 38% - 40% - 16:07
2 - 36% - 30% - 15:21
3 - 24% - 20% - 10:12
4 - 3% - 10% - 1:12
PP Forward
1 - 58% - 60% - 5:44
2 - 42% - 40% - 4:12
PP Defense
1 - 56% - 60% - 5:36
2 - 44% - 40% - 4:20
PK Forward
1 - 81% - 60% - 5:51
2 - 19% - 40% - 1:21
PK Defense
1 - 65% - 60% - 4:39
2 - 35% - 40% - 2:33
PK3 Forward
1 - 0% - 60%
2 - 0% - 40%
PK3 Defense
1 - 0% - 60%
2 - 0% - 40%
44 Forward
1 - 77% - 60% - 3:52
2 - 23% - 40% - 1:08
44 Defense
1 - 50% - 60% - 2:30
2 - 50% - 40% - 2:30
Last Minute Offensive - 0:00
Last Minute Defensive - 0:00
Total
Forward - 65:00
Defense - 65:00
|
Play-by-Play
1st period
0:01 of 1st period - Christian Hanson wins face-off versus Aleksander Barkov in neutral zone.
0:20 of 1st period - Aleksander Barkov is hit by Mitch Marner and loses puck.
0:27 of 1st period - Aaron Ekblad is hit by Mitch Marner and loses puck.
0:54 of 1st period - Christian Hanson is hit by Pontus Aberg and loses puck.
1:09 of 1st period - Snap shot by Aleksander Barkov.
1:09 of 1st period - Stopped by Eric Comrie without a rebound.
1:10 of 1st period - Jake Virtanen wins face-off versus Jared Knight in River Frogs zone.
2:18 of 1st period - Snap shot by Jake Virtanen.
2:18 of 1st period - Shot Blocked by Matt Calvert.
2:20 of 1st period - Wrist shot by Michael Latta.
2:20 of 1st period - Stopped by Eric Comrie without a rebound.
2:21 of 1st period - Ryan Fitzgerald wins face-off versus Quinton Howden in River Frogs zone.
2:30 of 1st period - Slapshot by Ondrej Kase.
2:30 of 1st period - Shot Misses the Net.
2:32 of 1st period - Slapshot by David Kolomatis.
2:32 of 1st period - Shot Blocked by Aaron Ekblad.
2:34 of 1st period - Slapshot by David Kolomatis.
2:34 of 1st period - Shot Blocked by Kirill Kaprizov.
2:36 of 1st period - Slapshot by David Kolomatis.
2:36 of 1st period - Shot Misses the Net.
2:46 of 1st period - Aaron Ekblad is hit by Maxim Mamin and loses puck.
2:51 of 1st period - Wrist shot by Austin Watson.
2:51 of 1st period - Stopped by Garret Sparks with a rebound.
2:53 of 1st period - Slapshot by Bobby Farnham.
2:53 of 1st period - Shot Blocked by Aaron Ekblad.
2:55 of 1st period - Slapshot by Nikita Zadorov.
2:55 of 1st period - Shot Blocked by Griffin Reinhart.
2:57 of 1st period - Snap shot by Austin Watson.
2:57 of 1st period - Shot Blocked by Griffin Reinhart.
2:59 of 1st period - Wrist shot by Maxim Mamin.
2:59 of 1st period - Goal by Maxim Mamin - Remparts : 0 - River Frogs : 1.
3:00 of 1st period - Michael Latta wins face-off versus Matt Calvert in neutral zone.
3:15 of 1st period - Snap shot by Matt Calvert.
3:15 of 1st period - Shot Misses the Net.
3:25 of 1st period - Niklas Hansson is hit by Ryan Fitzgerald and loses puck.
3:48 of 1st period - Backhand shot by Austin Watson.
3:48 of 1st period - Shot Misses the Net.
3:52 of 1st period - Snap shot by Austin Watson.
3:52 of 1st period - Shot Misses the Net.
3:54 of 1st period - Slapshot by Nikita Zadorov.
3:54 of 1st period - Deflect By Austin Watson.
3:54 of 1st period - Stopped by Garret Sparks with a rebound.
4:00 of 1st period - Wrist shot by Bobby Farnham.
4:00 of 1st period - Shot Misses the Net.
4:12 of 1st period - Wrist shot by Tobias Rieder.
4:12 of 1st period - Stopped by Eric Comrie without a rebound.
4:13 of 1st period - Christian Hanson wins face-off versus Aleksander Barkov in River Frogs zone.
4:45 of 1st period - Slapshot by Pontus Aberg.
4:45 of 1st period - Shot Misses the Net.
4:57 of 1st period - Backhand shot by Christian Hanson.
4:57 of 1st period - Shot Misses the Net.
4:59 of 1st period - Backhand shot by Emerson Etem.
4:59 of 1st period - Stopped by Garret Sparks without a rebound.
5:00 of 1st period - Cedric Paquette wins face-off versus Jared Knight in Remparts zone.
5:00 of 1st period - Cedric Paquette is hit by Aaron Ness.
5:06 of 1st period - Griffin Reinhart is hit by Matt Calvert and loses puck.
5:18 of 1st period - Icing by William Colbert.
5:19 of 1st period - Cedric Paquette wins face-off versus Ryan Fitzgerald in Remparts zone.
5:19 of 1st period - Cedric Paquette is hit by Nikita Zadorov.
5:44 of 1st period - Double Minor Penalty to Roberts Lipsbergs for Roughing.
5:45 of 1st period - Christian Hanson wins face-off versus Michael Latta in Remparts zone.
5:55 of 1st period - Wrist shot by Emerson Etem.
5:55 of 1st period - Shot Blocked by Tobias Rieder.
5:57 of 1st period - Slapshot by Timothy Kunes.
5:57 of 1st period - Shot Blocked by Niklas Hansson.
6:01 of 1st period - Wrist shot by Christian Hanson.
6:01 of 1st period - Deflect By Andrew Gordon.
6:01 of 1st period - Shot Misses the Net.
6:01 of 1st period - Puck is out of play.
6:02 of 1st period - Jared Knight wins face-off versus Michael Latta in Remparts zone.
6:07 of 1st period - Wrist shot by Jared Knight.
6:07 of 1st period - Deflect By Matt Calvert.
6:07 of 1st period - Shot Misses the Net.
6:07 of 1st period - Puck is out of play.
6:08 of 1st period - Michael Latta wins face-off versus Jared Knight in Remparts zone.
8:58 of 1st period - Snap shot by Morgan Rielly.
8:58 of 1st period - Shot Blocked by Michal Jordan.
9:10 of 1st period - Slapshot by Justin Florek.
9:10 of 1st period - Stopped by Garret Sparks without a rebound.
9:11 of 1st period - Christian Hanson wins face-off versus Quinton Howden in Remparts zone.
9:44 of 1st period - Penalty to Roberts Lipsbergs is over, Roberts Lipsbergs is back on ice.
10:45 of 1st period - Snap shot by Emerson Etem.
10:45 of 1st period - Shot Misses the Net.
10:47 of 1st period - Slapshot by Christian Hanson.
10:47 of 1st period - Shot Misses the Net.
10:49 of 1st period - Slapshot by Christian Hanson.
10:49 of 1st period - Stopped by Garret Sparks without a rebound.
10:50 of 1st period - Jared Knight wins face-off versus Cedric Paquette in Remparts zone.
10:59 of 1st period - Snap shot by Matt Calvert.
10:59 of 1st period - Stopped by Garret Sparks with a rebound.
11:16 of 1st period - Morgan Rielly is hit by Tobias Rieder and loses puck.
11:35 of 1st period - Nikita Zadorov is hit by Michael Latta and loses puck.
12:07 of 1st period - Ryan Fitzgerald is hit by Cedric Paquette and loses puck.
12:25 of 1st period - William Colbert is hit by Emerson Etem and loses puck.
13:22 of 1st period - Snap shot by Mitch Marner.
13:22 of 1st period - Stopped by Garret Sparks without a rebound.
13:23 of 1st period - Christian Hanson wins face-off versus Aleksander Barkov in Remparts zone.
13:24 of 1st period - Backhand shot by Mitch Marner.
13:24 of 1st period - Shot Misses the Net.
13:26 of 1st period - Snap shot by Emerson Etem.
13:26 of 1st period - Shot Misses the Net.
13:28 of 1st period - Wrist shot by Emerson Etem.
13:28 of 1st period - Stopped by Garret Sparks without a rebound.
13:29 of 1st period - Aleksander Barkov wins face-off versus Christian Hanson in Remparts zone.
14:06 of 1st period - Off-side.
14:07 of 1st period - Jared Knight wins face-off versus Matt Puempel in neutral zone.
14:10 of 1st period - Snap shot by Andrew Gordon.
14:10 of 1st period - Stopped by Garret Sparks with a rebound.
14:55 of 1st period - Icing by Timothy Kunes.
14:56 of 1st period - Cedric Paquette wins face-off versus Ryan Fitzgerald in River Frogs zone.
15:58 of 1st period - Wrist shot by Ondrej Kase.
15:58 of 1st period - Stopped by Garret Sparks with a rebound.
16:10 of 1st period - Wrist shot by Ondrej Kase.
16:10 of 1st period - Shot Misses the Net.
16:37 of 1st period - Slapshot by Ondrej Kase.
16:37 of 1st period - Stopped by Garret Sparks without a rebound.
16:38 of 1st period - Christian Hanson wins face-off versus Aleksander Barkov in Remparts zone.
16:43 of 1st period - Snap shot by Emerson Etem.
16:43 of 1st period - Stopped by Garret Sparks without a rebound.
16:44 of 1st period - Aleksander Barkov wins face-off versus Christian Hanson in Remparts zone.
17:18 of 1st period - Snap shot by Matt Calvert.
17:18 of 1st period - Stopped by Garret Sparks without a rebound.
17:19 of 1st period - Aleksander Barkov wins face-off versus Christian Hanson in Remparts zone.
17:30 of 1st period - Snap shot by Tobias Rieder.
17:30 of 1st period - Stopped by Eric Comrie without a rebound.
17:31 of 1st period - Aleksander Barkov wins face-off versus Christian Hanson in River Frogs zone.
17:32 of 1st period - Snap shot by Tobias Rieder.
17:32 of 1st period - Stopped by Eric Comrie with a rebound.
17:34 of 1st period - Wrist shot by Aleksander Barkov.
17:34 of 1st period - Stopped by Eric Comrie with a rebound.
17:36 of 1st period - Slapshot by Aaron Ekblad.
17:36 of 1st period - Stopped by Eric Comrie with a rebound.
17:38 of 1st period - Snap shot by Pontus Aberg.
17:38 of 1st period - Shot Misses the Net.
17:40 of 1st period - Slapshot by Aaron Ekblad.
17:40 of 1st period - Stopped by Eric Comrie without a rebound.
17:41 of 1st period - Aleksander Barkov wins face-off versus Christian Hanson in River Frogs zone.
17:56 of 1st period - Slapshot by Shea Theodore.
17:56 of 1st period - Shot Misses the Net.
18:30 of 1st period - Wrist shot by Aleksander Barkov.
18:30 of 1st period - Shot Misses the Net.
18:32 of 1st period - Wrist shot by Michal Jordan.
18:32 of 1st period - Shot Blocked by Morgan Rielly.
18:48 of 1st period - Snap shot by Aleksander Barkov.
18:48 of 1st period - Stopped by Eric Comrie with a rebound.
18:50 of 1st period - Snap shot by Aleksander Barkov.
18:50 of 1st period - Shot Blocked by Christian Hanson.
18:52 of 1st period - Wrist shot by Tobias Rieder.
18:52 of 1st period - Deflect By Pontus Aberg.
18:52 of 1st period - Shot Misses the Net.
18:52 of 1st period - Puck is out of play.
18:53 of 1st period - Matt Calvert wins face-off versus Michael Latta in River Frogs zone.
18:53 of 1st period - Matt Calvert is hit by Michael Latta.
19:02 of 1st period - Off-side.
19:03 of 1st period - Michael Latta wins face-off versus Jared Knight in neutral zone.
19:16 of 1st period - Wrist shot by Michael Latta.
19:16 of 1st period - Stopped by Eric Comrie with a rebound.
19:26 of 1st period - Snap shot by Michael Latta.
19:26 of 1st period - Stopped by Eric Comrie with a rebound.
19:40 of 1st period - Wrist shot by Andrew Gordon.
19:40 of 1st period - Stopped by Garret Sparks without a rebound.
19:41 of 1st period - Quinton Howden wins face-off versus Maxim Mamin in Remparts zone.
Goals for this period are 0 for Remparts vs 1 for River Frogs.
Shots for this period are 11 for Remparts vs 15 for River Frogs.
2nd period
0:01 of 2nd period - Aleksander Barkov wins face-off versus Jared Knight in neutral zone.
0:16 of 2nd period - Snap shot by Pontus Aberg.
0:16 of 2nd period - Deflect By Tobias Rieder.
0:16 of 2nd period - Shot Misses the Net.
0:16 of 2nd period - Puck is out of play.
0:17 of 2nd period - Christian Hanson wins face-off versus Michael Latta in River Frogs zone.
0:24 of 2nd period - Snap shot by Jake Virtanen.
0:24 of 2nd period - Stopped by Eric Comrie with a rebound.
0:26 of 2nd period - Slapshot by Michal Jordan.
0:26 of 2nd period - Stopped by Eric Comrie with a rebound.
0:28 of 2nd period - Wrist shot by Michael Latta.
0:28 of 2nd period - Goal by Michael Latta - Remparts : 1 - River Frogs : 1.
0:29 of 2nd period - Jared Knight wins face-off versus Aleksander Barkov in neutral zone.
0:39 of 2nd period - Timothy Kunes is hit by Michal Jordan and loses puck.
0:50 of 2nd period - Minor Penalty to Tobias Rieder for Tripping.
0:51 of 2nd period - Michael Latta wins face-off versus Christian Hanson in Remparts zone.
2:19 of 2nd period - Emerson Etem is hit by Quinton Howden and loses puck.
2:40 of 2nd period - Emerson Etem is hit by Aaron Ekblad and loses puck.
2:50 of 2nd period - Penalty to Tobias Rieder is over, Tobias Rieder is back on ice.
3:05 of 2nd period - Snap shot by Tobias Rieder.
3:05 of 2nd period - Deflect By Aleksander Barkov.
3:05 of 2nd period - Shot Misses the Net.
3:05 of 2nd period - Puck is out of play.
3:06 of 2nd period - Maxim Mamin wins face-off versus Aleksander Barkov in River Frogs zone.
3:11 of 2nd period - Slapshot by Timothy Kunes.
3:11 of 2nd period - Shot Misses the Net.
3:13 of 2nd period - Slapshot by Nikita Zadorov.
3:13 of 2nd period - Stopped by Garret Sparks with a rebound.
3:15 of 2nd period - Slapshot by Timothy Kunes.
3:15 of 2nd period - Deflect By Aleksander Barkov.
3:15 of 2nd period - Stopped by Garret Sparks without a rebound.
3:16 of 2nd period - Maxim Mamin wins face-off versus Aleksander Barkov in Remparts zone.
3:19 of 2nd period - Slapshot by Nikita Zadorov.
3:19 of 2nd period - Stopped by Garret Sparks without a rebound.
3:20 of 2nd period - Christian Hanson wins face-off versus Michael Latta in Remparts zone.
3:33 of 2nd period - Snap shot by Emerson Etem.
3:33 of 2nd period - Stopped by Garret Sparks with a rebound.
3:35 of 2nd period - Snap shot by Emerson Etem.
3:35 of 2nd period - Shot Misses the Net.
3:46 of 2nd period - Minor Penalty to Andrew Gordon for Goalie Interference.
3:47 of 2nd period - Aleksander Barkov wins face-off versus Emerson Etem in River Frogs zone.
4:20 of 2nd period - Slapshot by Aaron Ekblad.
4:20 of 2nd period - Stopped by Eric Comrie with a rebound.
4:22 of 2nd period - Wrist shot by Jake Virtanen.
4:22 of 2nd period - Shot Misses the Net.
4:24 of 2nd period - Slapshot by Michal Jordan.
4:24 of 2nd period - Shot Misses the Net.
4:46 of 2nd period - Nikita Zadorov is hit by Matt Puempel and loses puck.
5:45 of 2nd period - Michael Latta is hit by Mitch Marner and loses puck.
5:46 of 2nd period - Penalty to Andrew Gordon is over, Andrew Gordon is back on ice.
5:58 of 2nd period - Slapshot by Mitch Marner.
5:58 of 2nd period - Shot Blocked by Griffin Reinhart.
6:00 of 2nd period - Slapshot by Aaron Ness.
6:00 of 2nd period - Deflect By Matt Calvert.
6:00 of 2nd period - Shot Misses the Net.
6:00 of 2nd period - Puck is out of play.
6:01 of 2nd period - Ryan Fitzgerald wins face-off versus Quinton Howden in Remparts zone.
6:30 of 2nd period - Snap shot by Roberts Lipsbergs.
6:30 of 2nd period - Shot Blocked by Austin Watson.
6:32 of 2nd period - Slapshot by Niklas Hansson.
6:32 of 2nd period - Stopped by Eric Comrie without a rebound.
6:33 of 2nd period - Pontus Aberg wins face-off versus Christian Hanson in River Frogs zone.
6:34 of 2nd period - Snap shot by Aleksander Barkov.
6:34 of 2nd period - Stopped by Eric Comrie without a rebound.
6:35 of 2nd period - Christian Hanson wins face-off versus Aleksander Barkov in River Frogs zone.
7:00 of 2nd period - Wrist shot by Quinton Howden.
7:00 of 2nd period - Shot Misses the Net.
7:04 of 2nd period - Slapshot by Griffin Reinhart.
7:04 of 2nd period - Shot Misses the Net.
7:06 of 2nd period - Slapshot by William Colbert.
7:06 of 2nd period - Stopped by Eric Comrie with a rebound.
7:08 of 2nd period - Slapshot by William Colbert.
7:08 of 2nd period - Shot Hit the Post.
7:45 of 2nd period - Snap shot by Mitch Marner.
7:45 of 2nd period - Stopped by Garret Sparks without a rebound.
7:46 of 2nd period - Michael Latta wins face-off versus Jared Knight in Remparts zone.
7:51 of 2nd period - Nikita Zadorov is hit by Michal Jordan and loses puck.
8:02 of 2nd period - Slapshot by Matt Calvert.
8:02 of 2nd period - Stopped by Garret Sparks with a rebound.
8:37 of 2nd period - Slapshot by Nikita Zadorov.
8:37 of 2nd period - Stopped by Garret Sparks with a rebound.
8:39 of 2nd period - Wrist shot by Timothy Kunes.
8:39 of 2nd period - Stopped by Garret Sparks with a rebound.
8:58 of 2nd period - Snap shot by Matt Calvert.
8:58 of 2nd period - Stopped by Garret Sparks with a rebound.
10:21 of 2nd period - Wrist shot by Morgan Rielly.
10:21 of 2nd period - Shot Blocked by Cedric Paquette.
10:25 of 2nd period - Snap shot by Christian Hanson.
10:25 of 2nd period - Stopped by Garret Sparks without a rebound.
10:26 of 2nd period - Aleksander Barkov wins face-off versus Ryan Fitzgerald in Remparts zone.
10:26 of 2nd period - Aleksander Barkov is hit by Ondrej Kase.
10:32 of 2nd period - Snap shot by Ondrej Kase.
10:32 of 2nd period - Deflect By Justin Florek.
10:32 of 2nd period - Stopped by Garret Sparks without a rebound.
10:33 of 2nd period - Aleksander Barkov wins face-off versus Ryan Fitzgerald in Remparts zone.
10:33 of 2nd period - Aleksander Barkov is hit by Nikita Zadorov.
10:40 of 2nd period - Minor Penalty to Ryan Fitzgerald for Hooking.
10:41 of 2nd period - Emerson Etem wins face-off versus Tobias Rieder in River Frogs zone.
11:09 of 2nd period - Emerson Etem is hit by Jake Virtanen and loses puck.
12:40 of 2nd period - Penalty to Ryan Fitzgerald is over, Ryan Fitzgerald is back on ice.
12:51 of 2nd period - Off-side.
12:52 of 2nd period - Ryan Fitzgerald wins face-off versus Quinton Howden in neutral zone.
13:05 of 2nd period - Wrist shot by Kirill Kaprizov.
13:05 of 2nd period - Shot Misses the Net.
13:07 of 2nd period - Snap shot by Quinton Howden.
13:07 of 2nd period - Shot Misses the Net.
13:23 of 2nd period - Off-side.
13:24 of 2nd period - Jared Knight wins face-off versus Aleksander Barkov in neutral zone.
13:33 of 2nd period - Snap shot by Matt Calvert.
13:33 of 2nd period - Shot Blocked by Aleksander Barkov.
13:57 of 2nd period - Wrist shot by Christian Hanson.
13:57 of 2nd period - Stopped by Garret Sparks with a rebound.
13:59 of 2nd period - Snap shot by Emerson Etem.
13:59 of 2nd period - Stopped by Garret Sparks without a rebound.
14:00 of 2nd period - Jared Knight wins face-off versus Aleksander Barkov in Remparts zone.
14:04 of 2nd period - Minor Penalty to Michal Jordan for Goalie Interference.
14:05 of 2nd period - Michael Latta wins face-off versus Christian Hanson in Remparts zone.
15:09 of 2nd period - Snap shot by Pontus Aberg.
15:09 of 2nd period - Shot Misses the Net.
16:04 of 2nd period - Penalty to Michal Jordan is over, Michal Jordan is back on ice.
16:09 of 2nd period - Slapshot by Timothy Kunes.
16:09 of 2nd period - Shot Blocked by Kirill Kaprizov.
16:11 of 2nd period - Slapshot by Nikita Zadorov.
16:11 of 2nd period - Stopped by Garret Sparks without a rebound.
16:12 of 2nd period - Aleksander Barkov wins face-off versus Maxim Mamin in Remparts zone.
16:21 of 2nd period - Aaron Ekblad is hit by Austin Watson and loses puck.
16:28 of 2nd period - Slapshot by Aaron Ness.
16:28 of 2nd period - Stopped by Garret Sparks without a rebound.
16:29 of 2nd period - Ryan Fitzgerald wins face-off versus Michael Latta in Remparts zone.
16:44 of 2nd period - Snap shot by Ondrej Kase.
16:44 of 2nd period - Shot Misses the Net.
16:52 of 2nd period - Ondrej Kase is hit by Jake Virtanen and loses puck.
17:21 of 2nd period - Slapshot by Griffin Reinhart.
17:21 of 2nd period - Stopped by Eric Comrie without a rebound.
17:22 of 2nd period - Christian Hanson wins face-off versus Aleksander Barkov in River Frogs zone.
17:29 of 2nd period - Snap shot by Emerson Etem.
17:29 of 2nd period - Stopped by Garret Sparks with a rebound.
17:31 of 2nd period - Minor Penalty to Michal Jordan for Tripping.
17:32 of 2nd period - Michael Latta wins face-off versus Christian Hanson in Remparts zone.
17:47 of 2nd period - Snap shot by Emerson Etem.
17:47 of 2nd period - Shot Misses the Net.
18:44 of 2nd period - John Draeger is hit by Emerson Etem and loses puck.
19:28 of 2nd period - Icing by Timothy Kunes.
19:29 of 2nd period - Michael Latta wins face-off versus Jared Knight in River Frogs zone.
19:31 of 2nd period - Penalty to Michal Jordan is over, Michal Jordan is back on ice.
19:34 of 2nd period - Slapshot by Pontus Aberg.
19:34 of 2nd period - Stopped by Eric Comrie without a rebound.
19:35 of 2nd period - Maxim Mamin wins face-off versus Quinton Howden in River Frogs zone.
19:50 of 2nd period - Snap shot by Austin Watson.
19:50 of 2nd period - Shot Misses the Net.
Goals for this period are 1 for Remparts vs 0 for River Frogs.
Shots for this period are 9 for Remparts vs 16 for River Frogs.
3rd period
0:01 of 3rd period - Christian Hanson wins face-off versus Aleksander Barkov in neutral zone.
0:44 of 3rd period - Slapshot by Matt Calvert.
0:44 of 3rd period - Stopped by Garret Sparks without a rebound.
0:45 of 3rd period - Quinton Howden wins face-off versus Ryan Fitzgerald in Remparts zone.
1:00 of 3rd period - Slapshot by Aaron Ekblad.
1:00 of 3rd period - Shot Blocked by Justin Florek.
1:22 of 3rd period - Backhand shot by Justin Florek.
1:22 of 3rd period - Shot Blocked by Kirill Kaprizov.
1:40 of 3rd period - Slapshot by Griffin Reinhart.
1:40 of 3rd period - Stopped by Eric Comrie with a rebound.
1:54 of 3rd period - Jerry D'Amigo is hit by Morgan Rielly and loses puck.
2:01 of 3rd period - Slapshot by Justin Florek.
2:01 of 3rd period - Shot Misses the Net.
2:03 of 3rd period - Wrist shot by Ryan Fitzgerald.
2:03 of 3rd period - Stopped by Garret Sparks without a rebound.
2:04 of 3rd period - Christian Hanson wins face-off versus Aleksander Barkov in Remparts zone.
2:29 of 3rd period - Andrew Gordon is hit by Michal Jordan and loses puck.
2:43 of 3rd period - Nikita Zadorov is hit by Jake Virtanen and loses puck.
3:04 of 3rd period - Wrist shot by Cedric Paquette.
3:04 of 3rd period - Stopped by Eric Comrie without a rebound.
3:05 of 3rd period - Christian Hanson wins face-off versus Aleksander Barkov in River Frogs zone.
3:05 of 3rd period - Christian Hanson is hit by Tobias Rieder.
3:13 of 3rd period - Griffin Reinhart is hit by Emerson Etem and loses puck.
4:01 of 3rd period - Michael McCarron is hit by Bobby Farnham and loses puck.
4:16 of 3rd period - Wrist shot by Quinton Howden.
4:16 of 3rd period - Shot Misses the Net.
4:18 of 3rd period - Snap shot by Jerry D'Amigo.
4:18 of 3rd period - Stopped by Eric Comrie with a rebound.
4:39 of 3rd period - Slapshot by Tobias Rieder.
4:39 of 3rd period - Stopped by Eric Comrie with a rebound.
4:49 of 3rd period - Morgan Rielly is hit by Michael Latta.
5:01 of 3rd period - Michael Latta is hit by Matt Calvert and loses puck.
5:17 of 3rd period - Minor Penalty to Austin Watson for Hooking.
5:18 of 3rd period - Emerson Etem wins face-off versus Aleksander Barkov in River Frogs zone.
6:14 of 3rd period - Icing by Aaron Ekblad.
6:15 of 3rd period - Mitch Marner wins face-off versus Aleksander Barkov in Remparts zone.
6:30 of 3rd period - Wrist shot by Michael Latta.
6:30 of 3rd period - Deflect By Jake Virtanen.
6:30 of 3rd period - Stopped by Eric Comrie with a rebound.
6:32 of 3rd period - Snap shot by William Colbert.
6:32 of 3rd period - Goal by William Colbert - Remparts : 2 - River Frogs : 1.
6:33 of 3rd period - Christian Hanson wins face-off versus Aleksander Barkov in neutral zone.
6:36 of 3rd period - Slapshot by Nikita Zadorov.
6:36 of 3rd period - Deflect By Tobias Rieder.
6:36 of 3rd period - Stopped by Garret Sparks without a rebound.
6:37 of 3rd period - Christian Hanson wins face-off versus Aleksander Barkov in Remparts zone.
7:26 of 3rd period - Wrist shot by Bobby Farnham.
7:26 of 3rd period - Stopped by Garret Sparks without a rebound.
7:27 of 3rd period - Maxim Mamin wins face-off versus Quinton Howden in Remparts zone.
8:39 of 3rd period - Snap shot by Cedric Paquette.
8:39 of 3rd period - Stopped by Eric Comrie with a rebound.
8:56 of 3rd period - Wrist shot by Bobby Farnham.
8:56 of 3rd period - Shot Blocked by Aaron Ekblad.
9:34 of 3rd period - Snap shot by Andrew Gordon.
9:34 of 3rd period - Shot Blocked by Michal Jordan.
9:36 of 3rd period - Slapshot by Nikita Zadorov.
9:36 of 3rd period - Stopped by Garret Sparks without a rebound.
9:37 of 3rd period - Christian Hanson wins face-off versus Michael Latta in Remparts zone.
9:52 of 3rd period - Snap shot by Matt Puempel.
9:52 of 3rd period - Deflect By Michael Latta.
9:52 of 3rd period - Stopped by Eric Comrie with a rebound.
10:02 of 3rd period - Mitch Marner is hit by Jerry D'Amigo and loses puck.
10:39 of 3rd period - Wrist shot by Aleksander Barkov.
10:39 of 3rd period - Shot Misses the Net.
10:51 of 3rd period - Snap shot by Andrew Gordon.
10:51 of 3rd period - Shot Misses the Net.
10:53 of 3rd period - Snap shot by Jared Knight.
10:53 of 3rd period - Stopped by Garret Sparks with a rebound.
11:33 of 3rd period - Jerry D'Amigo is hit by Austin Watson and loses puck.
11:52 of 3rd period - Slapshot by Shea Theodore.
11:52 of 3rd period - Shot Blocked by Griffin Reinhart.
12:08 of 3rd period - Backhand shot by Justin Florek.
12:08 of 3rd period - Stopped by Garret Sparks without a rebound.
12:09 of 3rd period - Ryan Fitzgerald wins face-off versus Michael Latta in Remparts zone.
12:20 of 3rd period - Snap shot by Aaron Ness.
12:20 of 3rd period - Stopped by Garret Sparks with a rebound.
13:06 of 3rd period - Emerson Etem is hit by Pontus Aberg and loses puck.
13:41 of 3rd period - Snap shot by Ondrej Kase.
13:41 of 3rd period - Stopped by Garret Sparks without a rebound.
13:42 of 3rd period - Aleksander Barkov wins face-off versus Justin Florek in Remparts zone.
13:48 of 3rd period - Icing by William Colbert.
13:49 of 3rd period - Christian Hanson wins face-off versus Aleksander Barkov in Remparts zone.
13:59 of 3rd period - Minor Penalty to Emerson Etem for Tripping.
14:00 of 3rd period - Mitch Marner wins face-off versus Aleksander Barkov in River Frogs zone.
14:25 of 3rd period - Timothy Kunes is hit by Michal Jordan.
14:35 of 3rd period - Pontus Aberg is hit by Jared Knight and loses puck.
15:52 of 3rd period - Tobias Rieder is hit by Nikita Zadorov and loses puck.
15:59 of 3rd period - Penalty to Emerson Etem is over, Emerson Etem is back on ice.
16:34 of 3rd period - Wrist shot by Cedric Paquette.
16:34 of 3rd period - Deflect By Emerson Etem.
16:34 of 3rd period - Shot Misses the Net.
16:34 of 3rd period - Puck is out of play.
16:35 of 3rd period - Ryan Fitzgerald wins face-off versus Cedric Paquette in River Frogs zone.
16:46 of 3rd period - Snap shot by Ondrej Kase.
16:46 of 3rd period - Goal by Ondrej Kase - Remparts : 2 - River Frogs : 2.
16:47 of 3rd period - Emerson Etem wins face-off versus Quinton Howden in neutral zone.
16:59 of 3rd period - Snap shot by Kirill Kaprizov.
16:59 of 3rd period - Shot Blocked by Emerson Etem.
17:01 of 3rd period - Snap shot by Jerry D'Amigo.
17:01 of 3rd period - Stopped by Eric Comrie with a rebound.
17:03 of 3rd period - Wrist shot by Kirill Kaprizov.
17:03 of 3rd period - Shot Misses the Net.
17:13 of 3rd period - Justin Florek is hit by Aleksander Barkov.
17:33 of 3rd period - Snap shot by Jake Virtanen.
17:33 of 3rd period - Shot Misses the Net.
17:41 of 3rd period - Slapshot by Timothy Kunes.
17:41 of 3rd period - Shot Blocked by Niklas Hansson.
17:43 of 3rd period - Snap shot by Matt Calvert.
17:43 of 3rd period - Stopped by Garret Sparks with a rebound.
18:01 of 3rd period - Slapshot by Shea Theodore.
18:01 of 3rd period - Deflect By Maxim Mamin.
18:01 of 3rd period - Stopped by Garret Sparks without a rebound.
18:02 of 3rd period - Cedric Paquette wins face-off versus Ryan Fitzgerald in Remparts zone.
18:07 of 3rd period - Slapshot by Aaron Ekblad.
18:07 of 3rd period - Stopped by Eric Comrie without a rebound.
18:08 of 3rd period - Ondrej Kase wins face-off versus Quinton Howden in River Frogs zone.
19:03 of 3rd period - Slapshot by Jake Virtanen.
19:03 of 3rd period - Shot Misses the Net.
19:45 of 3rd period - Jake Virtanen is hit by Justin Florek and loses puck.
Goals for this period are 1 for Remparts vs 1 for River Frogs.
Shots for this period are 10 for Remparts vs 12 for River Frogs.
Overtime #1
0:01 of 1st overtime period - Aleksander Barkov wins face-off versus Emerson Etem in neutral zone.
1:54 of 1st overtime period - Icing by Nikita Zadorov.
1:55 of 1st overtime period - Aleksander Barkov wins face-off versus Austin Watson in River Frogs zone.
3:21 of 1st overtime period - Timothy Kunes is hit by Tobias Rieder and loses puck.
4:14 of 1st overtime period - Michal Jordan is hit by Mitch Marner.
4:23 of 1st overtime period - Icing by Morgan Rielly.
4:24 of 1st overtime period - Emerson Etem wins face-off versus Michael Latta in River Frogs zone.
4:31 of 1st overtime period - Snap shot by Tobias Rieder.
4:31 of 1st overtime period - Shot Misses the Net.
4:58 of 1st overtime period - Kirill Kaprizov is hit by Timothy Kunes and loses puck.
Goals for this period are 0 for Remparts vs 0 for River Frogs.
Shots for this period are 0 for Remparts vs 0 for River Frogs.
ShootOut
5:00 of 1st overtime period - Round #1.
5:00 of 1st overtime period - Remparts, Aleksander Barkov.
5:00 of 1st overtime period - Snap shot by Aleksander Barkov.
5:00 of 1st overtime period - Stopped by Eric Comrie.
5:00 of 1st overtime period - River Frogs, Emerson Etem.
5:00 of 1st overtime period - Deke by Emerson Etem.
5:00 of 1st overtime period - Stopped by Garret Sparks.
5:00 of 1st overtime period - Round #2.
5:00 of 1st overtime period - Remparts, Jake Virtanen.
5:00 of 1st overtime period - Wrist shot by Jake Virtanen.
5:00 of 1st overtime period - Stopped by Eric Comrie.
5:00 of 1st overtime period - River Frogs, Christian Hanson.
5:00 of 1st overtime period - Deke by Christian Hanson.
5:00 of 1st overtime period - Stopped by Garret Sparks.
5:00 of 1st overtime period - Round #3.
5:00 of 1st overtime period - Remparts, Pontus Aberg.
5:00 of 1st overtime period - Deke by Pontus Aberg.
5:00 of 1st overtime period - Stopped by Eric Comrie.
5:00 of 1st overtime period - River Frogs, Matt Calvert.
5:00 of 1st overtime period - Backhand shot by Matt Calvert.
5:00 of 1st overtime period - Goal by Matt Calvert.